 Dungeon Crawl Stone Soup version 0.17.1-3-g152610e (webtiles) character file.

1275 manyhoops the Spear-Bearer (level 8, 0/57 HPs)
             Began as a Merfolk Gladiator on Apr 5, 2016.
             Was a Follower of Dithmenos.
             Slain by a gnoll
             ... wielding a +0 spear
              (1 damage)
             ... on level 5 of the Dungeon.
             The game lasted 00:11:35 (4021 turns).

manyhoops the Spear-Bearer (Merfolk Gladiator)      Turns: 4021, Time: 00:11:35

Health: 0/57       AC: 10    Str: 16    XL:     8   Next: 53%
Magic:  0/0        EV: 14    Int: 15    God:    Dithmenos [*.....]
Gold:   111        SH:  0    Dex: 16    Spells: 0 memorised, 7 levels left

rFire  + . .     SeeInvis .     a - +0 trident
rCold  + . .     Clarity  .     i - +0 ring mail
rNeg   . . .     SustAt   .     (no shield)
rPois  .         Gourm    .     o - +2 helmet of Activism {rF++ MP-9 Int+4}
rElec  .         Spirit   .     (no cloak)
rCorr  .         Warding  .     s - +0 pair of gloves
rMut   .         Stasis   .     w - +0 pair of boots
MR     .....                    (no amulet)
Stlth  +.........               r - ring of ice
                                e - +4 ring of intelligence

@: lethally poisoned (0 -> -16), wreathed by umbra, not resistant to hostile
enchantments, very unstealthy
A: change form in water, swift swim
a: Renounce Religion


You were on level 5 of the Dungeon.
You worshipped Dithmenos.
Dithmenos was aware of your devotion.
You were hungry.

You visited 1 branch of the dungeon, and saw 5 of its levels.

You collected 111 gold pieces.

Inventory:

Hand Weapons
 a - a +0 trident (weapon)
Missiles
 d - 5 throwing nets (quivered)
Armour
 i - a +0 ring mail (worn)
 o - the +2 helmet of Activism (worn) {rF++ MP-9 Int+4}
   (You took it off Robin on level 2 of the Dungeon)

   It affects your intelligence (+4).
   It greatly protects you from fire.
   It affects your magic capacity (-9).
 s - a +0 pair of gloves (worn)
 v - a +1 robe of positive energy
 w - a +0 pair of boots (worn)
Jewellery
 e - a +4 ring of intelligence (left hand)
 p - an uncursed ring of wizardry
 r - a ring of ice (right hand)
Wands
 t - a wand of fireball (10)
 D - a wand of enslavement (14)
 F - a wand of enslavement (11)
Scrolls
 c - a scroll of fear {unknown}
 j - 4 scrolls of remove curse
 l - a scroll of random uselessness
 m - a scroll of identify
 q - a scroll of enchant weapon {unknown}
 x - a scroll of teleportation {unknown}
 y - a scroll of enchant armour {unknown}
 A - a scroll of noise {unknown}
Potions
 b - 2 potions of flight
 f - a potion of haste
 g - 2 potions of agility {unknown}
 h - a potion of magic {unknown}
 k - a potion of curing {unknown}
 u - a potion of poison
 E - a potion of brilliance {unknown}
Comestibles
 n - a royal jelly
 z - 3 bread rations
 C - 2 beef jerkies


   Skills:
 - Level 2.6 Fighting
 * Level 13.1 Polearms
 - Level 2.0 Throwing
 - Level 0.2 Armour
 - Level 6.5 Dodging
 - Level 0.2 Stealth


You had 7 spell levels left.
You didn't know any spells.

Dungeon Overview and Level Annotations

Branches:
Dungeon (5/15)
 Temple: D:4-7

Altars:
Ashenzari
Dithmenos
Elyvilon
Nemelex Xobeh
Okawaru
Qazlal

Shops:
D:4 %


Message History

The gnoll closely misses you.
You closely miss the gnoll sergeant.
The gnoll sergeant is heavily wounded.
* * * LOW HITPOINT WARNING * * *
You feel sick.
The gnoll sergeant completely misses you.
The gnoll closely misses you.
You closely miss the gnoll sergeant.
The gnoll sergeant is heavily wounded.
* * * LOW HITPOINT WARNING * * *
You feel sick. The gnoll closely misses you.
Okay, then.
As you read the scroll labeled COURCH RIAFOUN, it crumbles to dust.
It is a scroll of identify.
Identify which item? (\ to view known items) (? for menu, Esc to quit)
b - 2 potions of flight
* * * LOW HITPOINT WARNING * * *
You feel sick. The gnoll sergeant barely misses you.
The gnoll hits you with a spear.
You die...

....#. ._... ....
.. ##...##..
.........
#........
#g....... #@g...#
#.g...# #.....# #
#.....# #.
#.....#. #..
#.....#.##..######
#.....#...........
#..........##.###.
#.................


You could see a gnoll sergeant and 2 gnolls.

Vanquished Creatures
  Sigmund (D:4)
  Duvessa (D:4)
  A sky beast (D:5)
  2 ogres (D:4)
  The ghost of manyhoops the Sneak, an amateur SpAs (D:3)
  A scorpion (D:4)
  Dowan (D:4)
  4 hounds
  An iguana (D:4)
  3 orc wizards
  4 worker ants
  Jessica (D:2)
  Robin (D:2)
  5 adders
  5 gnolls
  4 oozes
  An adder skeleton (D:4)
  3 worms
  2 giant geckos
  12 orcs
  4 ball pythons
  10 bats
  3 giant cockroaches
  17 goblins
  9 hobgoblins
  10 jackals
  A quokka (D:5)
  5 giant newts
  4 kobolds (D:1)
  A quokka skeleton (D:5)
  5 rats
123 creatures vanquished.

Vanquished Creatures (others)
  The ghost of grom234 the Chopper, a novice MiBe of Trog (D:5)
1 creature vanquished.

Grand Total: 124 creatures vanquished

Notes
Turn   | Place    | Note
--------------------------------------------------------------
     0 | D:1      | manyhoops the Merfolk Gladiator began the quest for the Orb.
     0 | D:1      | Reached XP level 1. HP: 16/16 MP: 1/1
    75 | D:1      | Reached skill level 5 in Polearms
    75 | D:1      | Reached XP level 2. HP: 22/22 MP: 2/2
   308 | D:1      | Reached XP level 3. HP: 17/27 MP: 3/3
   448 | D:2      | Noticed Robin
   467 | D:2      | Killed Robin
   467 | D:2      | Reached skill level 5 in Dodging
   481 | D:2      | Got a pitted helmet
   492 | D:2      | Identified the +2 helmet of Activism {rF++ MP-9 Int+4} (You took it off Robin on level 2 of the Dungeon)
   653 | D:2      | Reached XP level 4. HP: 24/33 MP: 0/4
   843 | D:2      | Found a sparkling altar of Nemelex Xobeh.
  1197 | D:2      | Noticed Jessica
  1208 | D:2      | Killed Jessica
  1447 | D:3      | Reached skill level 6 in Dodging
  1447 | D:3      | Reached XP level 5. HP: 39/39 MP: 0/5
  1832 | D:3      | Noticed manyhoops's ghost (amateur SpAs)
  1890 | D:3      | Killed manyhoops's ghost
  1890 | D:3      | Reached skill level 7 in Polearms
  1890 | D:3      | Reached XP level 6. HP: 38/46 MP: 0/6
  2593 | D:4      | Reached skill level 8 in Polearms
  2685 | D:4      | Found a shadowy altar of Dithmenos.
  2702 | D:4      | Became a worshipper of Dithmenos the Shadowed
  2769 | D:4      | Reached skill level 9 in Polearms
  2769 | D:4      | Reached XP level 7. HP: 38/51 MP: 0/7
  2812 | D:4      | Found a shattered altar of Ashenzari.
  3038 | D:4      | Noticed Sigmund
  3076 | D:4      | Killed Sigmund
  3076 | D:4      | Reached skill level 10 in Polearms
  3084 | D:4      | Reached skill level 11 in Polearms
  3132 | D:4      | Found Tunoclot's Food Shop.
  3179 | D:4      | Reached XP level 8. HP: 33/57 MP: 0/8
  3205 | D:4      | Found a stormy altar of Qazlal.
  3205 | D:4      | Found a white marble altar of Elyvilon.
  3206 | D:4      | Found an iron altar of Okawaru.
  3319 | D:4      | Found a sparkling altar of Nemelex Xobeh.
  3412 | D:4      | Noticed Dowan
  3427 | D:4      | Killed Dowan
  3428 | D:4      | Noticed Duvessa
  3445 | D:4      | Killed Duvessa
  3445 | D:4      | Reached skill level 12 in Polearms
  3525 | D:5      | Entered Level 5 of the Dungeon
  3707 | D:5      | Killed grom234's ghost
  3925 | D:5      | Reached * piety under Dithmenos
  3993 | D:5      | Found an iron altar of Okawaru.
  3996 | D:5      | Reached skill level 13 in Polearms
  4021 | D:5      | HP: 1/57 [poisoned by a gnoll sergeant]
  4021 | D:5      | Slain by a gnoll

Action                   |  1- 3 |  4- 6 |  7- 9 || total
-------------------------+-------+-------+-------++-------
Melee: Trident           |   118 |   267 |   265 ||   650
  Use: Potion            |       |       |     2 ||     2
       Scroll            |       |       |     3 ||     3
 Stab: Sleeping          |     2 |       |     1 ||     3
  Eat: Chunk             |       |     3 |     3 ||     6
       Bread ration      |       |     1 |       ||     1
